 Dungeon Crawl Stone Soup version 0.19.0-24-gb05acd6 (console) character file.

8150 Kloppie the Bludgeoner (level 11, -5/196 HPs)
             Began as an Ogre Berserker on Nov 22, 2016.
             Was a High Priest of Trog.
             Slain by an earth elemental (19 damage)
             ... in a volcano.
             The game lasted 00:17:07 (10300 turns).

Kloppie the Bludgeoner (Ogre Berserker)            Turns: 10300, Time: 00:17:08

Health: -5/196     AC: 28    Str: 29    XL:     11   Next: 26%
Magic:  11/11      EV:  4    Int:  6    God:    Trog [*****.]
Gold:   527        SH:  0    Dex: 12    Spells: 0 memorised, 10 levels left

rFire  + . .     SeeInvis +     b - +0 giant spiked club
rCold  + . .     Gourm    .     N - +9 armour of the Dragon King {rPois rF+ rC+ MR+}
rNeg   . . .     Faith    .     (shield currently unavailable)
rPois  +         Spirit   .     p - +1 hat
rElec  .         Reflect  .     j - +2 cloak
rCorr  .         Harm     .     (gloves unavailable)
MR     ++++.                    (boots unavailable)
Stlth  ..........               (no amulet)
                                (no ring)
                                H - ring of see invisible

@: berserking, regenerating, very quick
A: unfitting armour, tough skin 1
a: Berserk, Trog's Hand, Brothers in Arms, Burn Spellbooks, Renounce Religion


You were in a volcano.
You worshipped Trog.
Trog was extremely pleased with you.
You were near starving.

You visited 2 branches of the dungeon, and saw 11 of its levels.
You also visited: Labyrinth, Sewer and Volcano.

You collected 639 gold pieces.
You spent 112 gold pieces at shops.

Inventory:

Hand Weapons
 a - a +0 mace of protection
 b - a +0 giant spiked club (weapon)
 r - a +0 mace
Armour
 f - the +0 robe of It's Over Quickly {rPois MR+ MP+9 Dex+4}
   (You found it on level 5 of the Dungeon)

   It affects your dexterity (+4).
   It protects you from poison.
   It affects your resistance to hostile enchantments.
   It affects your magic capacity (+9).
 j - a +2 cloak (worn)
 p - a +1 hat (worn)
 N - the +9 armour of the Dragon King (worn) {rPois rF+ rC+ MR+}
   (You found it in a labyrinth)

   It protects you from fire.
   It protects you from cold.
   It protects you from poison.
   It affects your resistance to hostile enchantments.
Rods
 I - a +1 lightning rod (11/11)
   (You found it in a labyrinth)
Jewellery
 H - a ring of see invisible (left hand)
Wands
 E - a wand of disintegration (9/24)
Scrolls
 n - 6 scrolls of remove curse
 s - a scroll of magic mapping
 v - 3 scrolls of immolation
 y - 2 scrolls of teleportation
 z - 4 scrolls of identify
 B - a scroll of recharging
 K - a scroll of blinking {unknown}
 Q - a scroll of random uselessness {unknown}
Potions
 d - 4 potions of flight
 e - 2 potions of lignification
 g - 3 potions of agility
 h - 5 potions of heal wounds
 k - a potion of haste
 o - 7 potions of curing
 t - a potion of mutation
 u - 3 potions of might
 x - a potion of magic
 A - 6 potions of brilliance
 F - a potion of invisibility {unknown}
 O - a potion of cancellation {unknown}
Books
 G - a book of Changes

   Spells                             Type                      Level
   a - Beastly Appendage              Transmutation                1
   b - Sticks to Snakes               Transmutation                2
   c - Spider Form                    Transmutation/Poison         3
   d - Ice Form                       Ice/Transmutation            4
   e - Blade Hands                    Transmutation                5
   Trog disapproves of the use of such an item.
 L - the Guide on the Ashen Entourage
   (You found it in a labyrinth)

   Spells                             Type                      Level
   a - Sandblast                      Earth                        1
   b - Summon Butterflies             Summoning                    1
   c - Summon Small Mammal            Summoning                    1
   d - Bolt of Magma                  Conjuration/Fire/Earth       5
   e - Aura of Abjuration             Summoning                    5
   f - Summon Hydra                   Summoning                    7
   Trog disapproves of the use of such an item.
Comestibles
 c - 4 bread rations
 i - 4 fruits
 m - 2 beef jerkies


   Skills:
 - Level 14.4 Fighting
 + Level 15.4 Maces & Flails
 + Level 3.4 Armour
 - Level 2.6 Dodging


You had 10 spell levels left.
You didn't know any spells.

Dungeon Overview and Level Annotations

Branches:
Dungeon (9/15)             Temple (0/1) D:6            Lair (2/6) D:8
    Orc (0/2) D:9
  Swamp: Lair:2-4    Shoals: Lair:2-4     Snake: Lair:2-4    Spider: Lair:2-4

Altars:
Ashenzari
Cheibriados
Dithmenos
Fedhas
Gozag
Nemelex Xobeh
Okawaru
Qazlal
Ru
Trog
Vehumet
Xom
Zin

Shops:
D:4 }   D:5 ?   D:7 *   D:9 [[[:?

Annotations:
D:6 exclusion: statue
D:7 1 runed door


Innate Abilities, Weirdness & Mutations

You are too large for most types of armour.
You have tough skin. (AC +1)


Message History

* * * LOW HITPOINT WARNING * * *
You flatten the molten gargoyle like a pancake!!!
You destroy the molten gargoyle!
Trog accepts your kill. The fire elemental hits you.
The fire elemental burns you! You resist.
* * * LOW HITPOINT WARNING * * *
You completely miss the fire elemental. The fire elemental hits you.
The fire elemental burns you! You resist.
* * * LOW HITPOINT WARNING * * *
You closely miss the fire elemental.
The earth elemental hits you but does no damage.
You puncture the fire elemental!
The fire elemental is heavily damaged.
The fire elemental hits you. The fire elemental burns you! You resist.
* * * LOW HITPOINT WARNING * * *
You hit the earth elemental but do no damage.
The fire elemental hits you. The fire elemental burns you! You resist.
* * * LOW HITPOINT WARNING * * *
The earth elemental hits you!!
You die...

##.≈##
##§§≈≈#
##.§§≈§##
#.§≈§≈§≈# .
#..§§≈≈# .#
#§≈≈≈##.#
##'###'##
##.E#.#..##
##..@E.....#
#...∩§§.∩...
##..§§§§...#
#§≈§§§≈§§≈#
##§§≈≈≈≈§##
#########


You could see an earth elemental and a fire elemental.

Vanquished Creatures
  A minotaur (Lab)
  A molten gargoyle (Volcano)
  A spiny frog (Lair:1)
  A komodo dragon (Lair:1)
  An efreet (Volcano)
  A troll (D:9)
  The ghost of Kloppie the Spear-Bearer, an amateur MfBe of Trog (D:3)
  3 blink frogs (Lair:1)
  A hippogriff (D:9)
  2 redbacks (Lab)
  6 yaks
  A hungry ghost (D:9)
  3 water moccasins (Lair:1)
  A porcupine (Lair:1)
  4 orc warriors (D:9)
  3 phantoms
  2 ogres
  3 wolves (Lair:1)
  3 centaurs
  A big kobold (D:8)
  6 bullfrogs
  A wyvern skeleton (D:8)
  4 scorpions
  6 killer bees
  A howler monkey (D:5)
  5 crimson imps
  A centaur zombie (D:7)
  A bullfrog zombie (D:9)
  4 hounds
  6 orc wizards
  5 iguanas
  8 worker ants
  15 adders
  A shadow imp (D:6)
  An adder skeleton (D:4)
  3 worms
  3 dart slugs
  7 leopard geckos
  17 orcs
  5 ball pythons
  12 giant cockroaches
  9 goblins
  4 hobgoblins (D:2)
  17 jackals
  5 quokkas
  7 bats
  5 frilled lizards
  A jackal skeleton (D:4)
  17 kobolds
  2 leopard gecko skeletons (D:4)
  A leopard gecko zombie (D:5)
  8 rats
  A plant (Sewer)
229 creatures vanquished.

Vanquished Creatures (others)
  A plant (Sewer)
1 creature vanquished.

Grand Total: 230 creatures vanquished

Notes
Turn   | Place    | Note
-------+----------+-------------------------------------------
     0 | D:1      | Kloppie the Ogre Berserker began the quest for the Orb.
     0 | D:1      | Reached XP level 1. HP: 24/24 MP: 1/1
   115 | D:1      | Reached XP level 2. HP: 22/33 MP: 2/2
   621 | D:2      | Reached XP level 3. HP: 27/41 MP: 3/3
   816 | D:2      | Reached ** piety under Trog
   816 | D:2      | Reached skill level 5 in Maces & Flails
   915 | D:2      | Found a shattered altar of Ashenzari.
  1209 | D:2      | Reached skill level 5 in Fighting
  1231 | D:2      | Reached XP level 4. HP: 31/50 MP: 4/4
  1286 | D:2      | Found a sacrificial altar of Ru.
  1458 | D:3      | Found a shimmering altar of Xom.
  1861 | D:3      | Noticed Kloppie's ghost (amateur MfBe)
  1874 | D:3      | Killed Kloppie's ghost
  1874 | D:3      | Reached skill level 7 in Maces & Flails
  1874 | D:3      | Reached XP level 5. HP: 51/61 MP: 5/5
  1874 | D:3      | Reached XP level 6. HP: 57/68 MP: 6/6
  2313 | D:4      | Noticed a phantom
  2549 | D:4      | Killed a phantom
  2549 | D:4      | Reached XP level 7. HP: 65/78 MP: 7/7
  2551 | D:4      | Reached *** piety under Trog
  2552 | D:4      | Found a glowing drain.
  2576 | Sewer    | Entered a sewer
  2619 | Sewer    | Reached skill level 8 in Maces & Flails
  3553 | D:4      | Found Plog's Gadget Boutique.
  3615 | D:4      | Found an opulent altar of Gozag.
  3951 | D:5      | Entered Level 5 of the Dungeon
  4036 | D:5      | Reached skill level 9 in Maces & Flails
  4134 | D:5      | Reached XP level 8. HP: 63/91 MP: 8/8
  4176 | D:5      | Found Kukunen's Magic Scroll Shop.
  4190 | D:5      | Bought a scroll of identify for 28 gold pieces
  4190 | D:5      | Bought a scroll of identify for 28 gold pieces
  4190 | D:5      | Bought a scroll of identify for 28 gold pieces
  4190 | D:5      | Bought a scroll of identify for 28 gold pieces
  4309 | D:5      | Got a heavy robe
  4320 | D:5      | Identified the +0 robe of It's Over Quickly {rPois MR+ MP+9 Dex+4} (You found it on level 5 of the Dungeon)
  4801 | D:6      | Found a radiant altar of Vehumet.
  4846 | D:6      | Reached skill level 10 in Maces & Flails
  4946 | D:6      | Reached **** piety under Trog
  5019 | D:6      | Reached skill level 10 in Fighting
  5052 | D:6      | Found a shadowy altar of Dithmenos.
  5054 | D:6      | Found a staircase to the Ecumenical Temple.
  5259 | D:7      | Found Funosox's General Store.
  5365 | D:7      | Found a glowing silver altar of Zin.
  5418 | D:7      | Found a blossoming altar of Fedhas.
  5418 | D:7      | Found a stormy altar of Qazlal.
  5503 | D:7      | Found a runed door.
  5516 | D:7      | Found a runed door.
  5744 | D:7      | Reached skill level 11 in Maces & Flails
  5744 | D:7      | Reached XP level 9. HP: 62/102 MP: 9/9
  6149 | D:8      | Found a staircase to the Lair.
  6535 | D:9      | Found Ajibb's Antique Armour Shop.
  6547 | D:9      | Found Xeloriry's Armour Shoppe.
  6873 | D:8      | Reached skill level 12 in Maces & Flails
  7045 | D:9      | Reached ***** piety under Trog
  7104 | D:9      | Found a sparkling altar of Nemelex Xobeh.
  7104 | D:9      | Found an iron altar of Okawaru.
  7107 | D:9      | Found a bloodstained altar of Trog.
  7108 | D:9      | Found a snail-covered altar of Cheibriados.
  7144 | D:9      | Found Pijerey's Armour Shoppe.
  7239 | D:9      | Noticed a troll
  7250 | D:9      | Killed a troll
  7250 | D:9      | Reached XP level 10. HP: 118/118 MP: 10/10
  7265 | D:9      | Reached skill level 13 in Maces & Flails
  8242 | D:9      | Found a staircase to the Orcish Mines.
  8456 | D:9      | Found Weanga's Magic Scroll Shoppe.
  8476 | D:9      | Found Ejeinid's Book Emporium.
  8636 | Lair:1   | Entered Level 1 of the Lair of Beasts
  8668 | Lair:1   | Found a labyrinth entrance.
  8673 | Lab      | Entered a labyrinth
  8804 | Lab      | Found an exit through the horrors of the Abyss.
  8819 | Lab      | Reached skill level 14 in Maces & Flails
  9255 | Lab      | Found an exit through the horrors of the Abyss.
  9297 | Lab      | Noticed a minotaur
  9309 | Lab      | Killed a minotaur
  9346 | Lab      | Identified the Guide on the Ashen Entourage
  9526 | Lair:1   | Reached skill level 1 in Armour
  9552 | Lair:1   | Noticed a spiny frog
  9568 | Lair:1   | Killed a spiny frog
  9586 | Lair:1   | Reached XP level 11. HP: 75/131 MP: 11/11
  9594 | Lair:1   | Reached skill level 15 in Maces & Flails
 10251 | Lair:2   | Found a dark tunnel.
 10266 | Volcano  | Entered a volcano
 10300 | Volcano  | Slain by an earth elemental

Skill      XL: |  1  2  3  4  5  6  7  8  9 10 11 |
---------------+----------------------------------+-----
Maces & Flails | 5 7 9 11 12 14 15 | 15.4
Fighting       | 5 6 7 8 10 12 14 | 14.4
Armour         | 2 3 |  3.4
Dodging        | |  2.6

Action                   |  1- 3 |  4- 6 |  7- 9 | 10-12 || total
-------------------------+-------+-------+-------+-------++-------
Melee: Mace              |   130 |   121 |   638 |   269 ||  1158
       Giant spiked club |       |       |       |    23 ||    23
Invok: Berserk           |     1 |     1 |     3 |     7 ||    12
       Trog's Hand       |       |       |     1 |     5 ||     6
  Use: Scroll            |       |       |    19 |     3 ||    22
 Stab: Sleeping          |     1 |     1 |     1 |       ||     3
  Eat: Chunk             |     2 |     5 |    10 |     5 ||    22
       Bread ration      |       |       |     1 |     1 ||     2
       Meat ration       |       |       |     1 |     2 ||     3
Armor: Animal skin       |    94 |    45 |   132 |       ||   271
       Robe              |       |       |   125 |    73 ||   198
       Gold dragon scale |       |       |       |   102 ||   102
Dodge: Dodged            |   113 |    53 |   321 |   131 ||   618
